 Dungeon Crawl Stone Soup version 0.30.1-3-gfc49f6343a (webtiles) character file.

Game seed: 13796097844974106604

615202 Bnni the Messiah (level 27, 0/271 HPs)
             Began as a Hill Orc Fighter on July 8, 2023.
             Was the Champion of Beogh.
             Killed from afar by a war gargoyle (28 damage)
             ... with a spray of metal splinters
             ... on level 3 of the Iron City of Dis on July 22, 2023.
             The game lasted 07:38:21 (73321 turns).

Bnni the Messiah (Hill Orc Fighter)                Turns: 73321, Time: 07:38:24

Health: 0/271      AC: 37    Str: 38 (39) XL:     27
Magic:  40/40      EV: 13    Int:  4      God:    Beogh [******]
Gold:   2462       SH: 21    Dex: 12      Spells: 26/26 levels left

rFire   + + +        C - +6 broad axe (heavy)
rCold   + + +        h - +0 tower shield
rNeg    . . .        N - +9 gold dragon scales
rPois   +            U - +2 hat
rElec   +            d - +4 dragonskin cloak
rCorr   +            z - +0 pair of gloves of Wavaoz Riygh {rF+++ Dex-4 SInv}
SInv    +            V - +0 pair of boots {rampage}
Will    ++...        s - amulet of regeneration Stlth
                     I - ring "Xaot" {rPois rC+ rCorr Str+3 Int+2}
HPRegen 1.45/turn    E - ring "Aroast" {Ice rElec Str+6 Int-3}
MPRegen 0.27/turn

%: random rage (9%), rampage
@: marked, on berserk cooldown, slowed, studying 2 skills, corroded, very slow
A: walk on water, beak, hooves 1, agile 1, berserk 2, teleportitis 1, no potion
heal 1, subdued magic 1, inability to drink after injury 1, MP-powered wands,
[dopey 1]
}: 5/15 runes: serpentine, barnacled, slimy, silver, abyssal
a: Renounce Religion, Smiting, Recall Orcish Followers, Give Item to Named
Follower, Resurrection


You were on level 3 of the Iron City of Dis.
You worshipped Beogh.
Beogh was exalted by your worship.
You visited 13 branches of the dungeon, and saw 59 of its levels.
You visited the Abyss 5 times.
You also visited: Bailey and Wizlab.

You collected 10586 gold pieces.
You spent 8124 gold pieces at shops.

Inventory:

Hand Weapons
 f - the +11 longbow of Disorder {speed, rPois}
   (You found it on level 5 of the Pits of Slime)

   rPois:     It protects you from poison.
 C - a +6 heavy broad axe (weapon)
 F - a +9 broad axe of flaming
Missiles
 A - 6 boomerangs of dispersal
 H - 9 javelins
 J - 9 boomerangs (quivered)
 M - 12 silver javelins
 P - 3 silver boomerangs
 Y - 4 throwing nets
Armour
 d - the +4 dragonskin cloak (worn)
   (You took it off Tiamat on level 3 of the Realm of Zot)

   Avatar's Aegis: It grants the wearer a chance to resist fire, cold, poison,
   electricity, acid, and negative energy.
 h - a +0 tower shield (worn)
 z - the +0 pair of gloves of Wavaoz Riygh (worn) {rF+++ Dex-4 SInv}
   (You bought it in a shop on level 2 of the Orcish Mines)

   Dex:       It affects your dexterity (-4).
   rF:        It renders you almost immune to fire.
   SInv:      It lets you see invisible.
 N - +9 gold dragon scales (worn)
 U - a +2 hat (worn)
 V - a +0 pair of boots of rampaging (worn)
 Z - a +2 helmet
Jewellery
 b - the ring of Iwaulois {rPois rC+ Will+}
   (You found it on level 5 of the Pits of Slime)

   [ring of protection from cold]

   rC:        It protects you from cold.
   rPois:     It protects you from poison.
   Will:      It increases your willpower.
 s - an amulet of regeneration (around neck)
 D - the ring "Dazxiqys" {Fly rF+ rN+ Int+2}
   (You bought it in a shop on level 2 of the Elven Halls)

   [ring of flight]

   Int:       It affects your intelligence (+2).
   rF:        It protects you from fire.
   rN:        It protects you from negative energy.
   Fly:       It grants you flight.
 E - the ring "Aroast" (right hand) {Ice rElec Str+6 Int-3}
   (You found it on level 4 of the Shoals)

   [ring of ice]

   It enhances your ice magic.
   Str:       It affects your strength (+6).
   Int:       It affects your intelligence (-3).
   rF:        It makes you vulnerable to fire.
   rC:        It protects you from cold.
   rElec:     It insulates you from electricity.
 I - the ring "Xaot" (left hand) {rPois rC+ rCorr Str+3 Int+2}
   (You found it on level 3 of the Depths)

   [ring of resist corrosion]

   Str:       It affects your strength (+3).
   Int:       It affects your intelligence (+2).
   rC:        It protects you from cold.
   rPois:     It protects you from poison.
   rCorr:     It protects you from acid and corrosion.
Wands
 L - a wand of digging (26)
 S - a wand of roots (65)
 W - a wand of quicksilver (17)
Scrolls
 j - 11 scrolls of fear
 k - 28 scrolls of teleportation
 l - a scroll of brand weapon
 n - 12 scrolls of magic mapping
 u - 7 scrolls of blinking
 w - 3 scrolls of amnesia
 y - 5 scrolls of butterflies
 G - 8 scrolls of immolation
 R - 7 scrolls of fog
 T - 3 scrolls of silence
Potions
 a - 5 potions of magic
 c - 3 potions of resistance
 e - 8 potions of heal wounds
 i - 6 potions of ambrosia
 m - 5 potions of invisibility
 q - 5 potions of berserk rage
 t - 17 potions of curing
 v - 11 potions of haste
 B - 2 potions of cancellation
 O - 11 potions of attraction
 Q - 4 potions of might
Miscellaneous
 g - a phial of floods
 p - a phantom mirror


   Skills:
 + Level 26.8 Fighting
 - Level 18.0 Axes
 * Level 19.6 Throwing
 + Level 22.0 Armour
 - Level 15.0 Dodging
 + Level 20.7 Shields
 O Level 27 Invocations


You had 26 spell levels left.
You didn't know any spells.
Your spell library contained the following spells:

 Spells                   Type           Power      Damage    Failure   Level
 Apportation              Tloc           0%         N/A       99%         1
 Magic Dart               Conj           0%         1d3       99%         1
 Necrotise                Necr           0%         1d4       99%         1
 Sandblast                Erth           0%         2d4       99%         1
 Shock                    Conj/Air       0%         1d3       99%         1
 Slow                     Hex            0%         N/A       99%         1
 Blink                    Tloc           0%         N/A       99%         2
 Call Imp                 Summ           0%         N/A       99%         2
 Cigotuvi's Dreadful Rot  Necr/Pois/Air  0%         N/A       99%         2
 Ensorcelled Hibernation  Hex/Ice        0%         N/A       99%         2
 Lesser Beckoning         Tloc           0%         N/A       99%         2
 Momentum Strike          Conj/Tloc      0%         3d8       99%         2
 Passwall                 Tmut/Erth      0%         N/A       99%         2
 Poisonous Vapours        Pois/Air       0%         N/A       99%         2
 Call Canine Familiar     Summ           0%         N/A       100%        3
 Confusing Touch          Hex            0%         N/A       100%        3
 Frozen Ramparts          Ice            0%         1d1       100%        3
 Gell's Gravitas          Tloc           0%         N/A       100%        3
 Inner Flame              Hex/Fire       0%         N/A       100%        3
 Mephitic Cloud           Conj/Pois/Air  0%         N/A       100%        3
 Portal Projectile        Hex/Tloc       0%         N/A       100%        3
 Stone Arrow              Conj/Erth      0%         3d7       100%        3
 Swiftness                Air            0%         N/A       100%        3
 Teleport Other           Tloc           0%         N/A       100%        3
 Tukima's Dance           Hex            0%         N/A       100%        3
 Vampiric Draining        Necr           0%         2d6       100%        3
 Vhi's Electric Charge    Tloc/Air       0%         N/A       100%        3
 Volatile Blastmotes      Fire/Tloc      0%         2d10      100%        3
 Airstrike                Air            0%         2d(0-16)  100%        4
 Animate Armour           Summ/Erth      0%         N/A       100%        4
 Animate Dead             Necr           0%         N/A       100%        4
 Dispel Undead            Necr           0%         3d6       100%        4
 Fulminant Prism          Conj/Hex       0%         3d5       100%        4
 Ice Form                 Ice/Tmut       0%         N/A       100%        4
 Iskenderun's Mystic Bla  Conj/Tloc      0%         2d3       100%        4
 Leda's Liquefaction      Hex/Erth       0%         N/A       100%        4
 Manifold Assault         Tloc           0%         N/A       100%        4
 Olgreb's Toxic Radiance  Pois           0%         N/A       100%        4
 Passage of Golubria      Tloc           0%         N/A       100%        4
 Petrify                  Tmut/Erth      0%         N/A       100%        4
 Summon Ice Beast         Ice/Summ       0%         N/A       100%        4
 Agony                    Necr           0%         N/A       100%        5
 Alistair's Intoxication  Tmut/Pois      0%         N/A       100%        5
 Arcjolt                  Conj/Air       0%         1d10      100%        5
 Blade Hands              Tmut           0%         N/A       100%        5
 Fireball                 Conj/Fire      0%         3d3       100%        5
 Freezing Cloud           Conj/Ice/Air   0%         6-21      100%        5
 Irradiate                Conj/Tmut      0%         3d11      100%        5
 Iskenderun's Battlesphe  Conj           0%         2d6       100%        5
 Lee's Rapid Deconstruct  Erth           0%         3d4*      100%        5
 Metabolic Englaciation   Hex/Ice        0%         N/A       100%        5
 Silence                  Hex/Air        0%         N/A       100%        5
 Summon Forest            Summ/Tloc      0%         N/A       100%        5
 Summon Mana Viper        Hex/Summ       0%         N/A       100%        5
 Yara's Violent Unravell  Hex/Tmut       0%         3d3       100%        5
 Conjure Ball Lightning   Conj/Air       0%         3x3d6     100%        6
 Death Channel            Necr           0%         N/A       100%        6
 Dispersal                Tloc           0%         N/A       100%        6
 Iron Shot                Conj/Erth      0%         9d1       100%        6
 Plasma Beam              Fire/Air       0%         2x1d11    100%        6
 Simulacrum               Ice/Necr       0%         N/A       100%        6
 Statue Form              Tmut/Erth      0%         N/A       100%        6
 Dragon Form              Tmut           0%         N/A       100%        7
 Enfeeble                 Hex            0%         N/A       100%        7
 Haunt                    Necr/Summ      0%         N/A       100%        7
 Malign Gateway           Summ/Tloc      0%         N/A       100%        7
 Orb of Destruction       Conj           0%         9d5       100%        7
 Ozocubu's Refrigeration  Ice            0%         4d7       100%        7
 Spellforged Servitor     Conj/Summ      0%         N/A       100%        7
 Storm Form               Tmut/Air       0%         N/A       100%        7
 Borgnjor's Revivificati  Necr           0%         N/A       100%        8
 Discord                  Hex            0%         N/A       100%        8
 Disjunction              Tloc           0%         N/A       100%        8
 Ignition                 Fire           0%         3d3       100%        8
 Infestation              Necr           0%         N/A       100%        8
 Lehudib's Crystal Spear  Conj/Erth      0%         10d2      100%        8
 Necromutation            Tmut/Necr      0%         N/A       100%        8
 Summon Horrible Things   Summ           0%         N/A       100%        8
 Death's Door             Necr           0%         N/A       100%        9
 Fire Storm               Conj/Fire      0%         5d1       100%        9
 Polar Vortex             Ice            0%         N/A       100%        9


Dungeon Overview and Level Annotations

Branches:
Dungeon (15/15)            Temple (0/1) D:7            Lair (5/5) D:8
 Shoals (4/4) Lair:2        Snake (4/4) Lair:3        Slime (5/5) Lair:4
    Orc (2/2) D:12            Elf (3/3) Orc:2        Vaults (5/5) D:13
  Crypt (3/3) Vaults:3       Tomb (0/3) Crypt:3      Depths (4/4) D:15
   Hell (visited)             Dis (3/7) Hell            Geh (0/7) Hell
    Coc (0/7) Hell            Tar (0/7) Hell            Zot (5/5) Depths:4
 Bailey (visited)          WizLab (visited)

Altars:
Ashenzari
Dithmenos
Fedhas
Gozag
Kikubaaqudgha
Nemelex Xobeh
Okawaru
Qazlal
Ru
Trog
Vehumet
Xom
Yredelemnul
Zin
Beogh
Jiyva

Shops:
D:6 [   D:8 [[   Orc:1 :   Orc:2 *[=(   Elf:1 :(:[=   Elf:2 =   Shoals:3 :[
Snake:1 :[(=:=   Snake:2 (   Vaults:1 !   Vaults:5 (

Portals:
Hell: Depths:1 Depths:2 Depths:3 Depths:4
Abyss: Depths:3
Pandemonium: Depths:2 Depths:3
Ziggurat: Depths:3
Trove: Vaults:3 (give +4 shadow dragon scales)

Annotations:
Elf:2 exclusion: 3 doors


Innate Abilities, Weirdness & Mutations

You can walk on water.
You have a beak for a mouth.
You have large cloven feet.
You are agile. (Dex +4, Str/Int -1)
You have an uncontrollable temper.
You are occasionally teleported next to monsters.
Potions are less effective at restoring your health.
Your spells are a little easier to cast, but a little less powerful.
You occasionally lose the ability to drink potions when taking damage.
You expend magic power (3 MP) to strengthen your wands.
[You are dopey. (Int -2)]


Message History

The iron golem closely misses you. You block the iron golem's attack.
The iron golem hits you! You block the iron golem's attack.
Borgun hits the iron golem from afar with a +4 bardiche of freezing!!
The war gargoyle hits you but does no damage.
You slice the iron golem!!
The iron golem is heavily damaged.
You slash the war gargoyle!
Orgrim no longer looks unusually strong.
Warbeogh roars a battlecry!
Orgrim goes into a battle-frenzy!
The war gargoyle launches metal splinters at you.
The spray of metal splinters hits you but does no damage.
The tormentor calls on the powers of darkness!
Your body is wracked with pain!
* * * LOW HITPOINT WARNING * * *
Nordag convulses!
Bladwarg convulses!
Borgun convulses!
Argrim convulses!
Orkrul convulses!
Morbeogh convulses!
Warbeogh convulses!
Orgrim convulses!
Oreg convulses!
Bladwarg shoots a bolt.
The bolt hits the war gargoyle!!
Argrim hits the iron golem from afar with a +1 glaive!!
An ancient champion comes into view.
It is wielding a +2 great mace of freezing.
Nordag hits the iron golem!!
You block the iron golem's attack. The iron golem hits you!!
* * * LOW HITPOINT WARNING * * *
You block the war gargoyle's attack.
The tormentor calls on the powers of darkness!
Your body is wracked with pain!
* * * LOW HITPOINT WARNING * * *
Nordag convulses!
Bladwarg convulses!
Morbeogh convulses!
Warbeogh convulses!
Orkrul convulses!
Borgun convulses!
Argrim convulses!
Oreg convulses!
Orgrim convulses!
Bladwarg shoots a bolt.
The bolt hits the war gargoyle!!
Your system partially rejects the healing.
You feel much better.
Oreg no longer looks unusually strong.
Nordag no longer looks unusually strong.
A quicksilver elemental comes into view.
The war gargoyle launches metal splinters at you.
The spray of metal splinters hits you!!
You die... #..)..∩....... #>..#########. #...# #...# #...# #..o# #ooo# #ooo#

#oo@#
#.99#
#..29
#...z.
#......
#.......
#........
#.........


You could see 2 iron golems, an ancient champion, a war gargoyle (catching
breath), a tormentor, the friendly Argrim the orc warlord (strong), the friendly
Bladwarg the orc warlord (strong), the friendly Borgun the orc warlord (strong),
the friendly Morbeogh the orc warlord (strong), the friendly Nordag the orc
warlord, the friendly Oreg the orc warlord, the friendly Orgrim the orc warlord
(strong), the friendly Warbeogh the orc warlord (strong) and the friendly Orkrul
the orc knight (strong).

Vanquished Creatures
  Dissolution (Slime:5)
  2 dread liches (Vaults:5)
  Tiamat (Zot:3)
  2 orbs of fire (Zot:5)
  3 ancient liches
  3 Killer Klowns
  2 curse toes
  5 golden dragons
  A profane servitor (Abyss:4)
  3 bone dragons
  An electric golem (Zot:1)
  A Cloud Mage (WizLab)
  3 tentacled monstrosities
  Mlioglotl (Shoals:1)
  A walking divine tome (Depths:1)
  7 liches
  A walking earthen tome (Depths:3)
  3 deep elf blademasters
  2 deep elf master archers (Elf:3)
  12 Orb Guardians (Zot:5)
  8 titans (Vaults:5)
  6 acid blobs
  3 quicksilver dragons
  10 tentacled starspawn
  An Executioner (Abyss:4)
  6 sphinxes
  2 death cobs
  6 ancient champions
  The ghost of Peloso the Fencer, an adept MiFi of Okawaru (Snake:1)
  2 tengu reavers
  2 nagarajas (Snake:4)
  3 storm dragons
  6 shadow dragons
  9 azure jellies
  5 rockslimes (Slime:5)
  3 revenants
  2 narguns (Depths:1)
  4 frost giants
  3 draconian monks
  6 fire giants
  4 draconian scorchers
  2 balrugs
  A quicksilver elemental (Dis:2)
  4 draconian knights
  2 ghost moths (Zot:5)
  3 draconian stormcallers
  3 deep elf sorcerers
  2 curse skulls
  7 deep elf elementalists
  2 draconian shifters
  8 vault wardens
  2 ghouls (Crypt:1)
  5 draconian annihilators
  A caustic shrike zombie (Abyss:1)
  An orc warlord (Orc:2)
  12 ironbound preservers
  7 quicksilver oozes
  2 spriggan defenders
  A cacodemon (Hell)
  The ghost of Sverke the Bludgeoner, a journeyman GrFi of the Shining One (Orc:2)
  11 very ugly things
  3 vampire knights
  6 stone giants
  2 war gargoyles
  A grey draconian (Depths:4)
  2 ironbound thunderhulks
  6 green draconians
  3 deep elf demonologists
  5 purple draconians
  7 yellow draconians
  2 lorocyprocas
  9 black draconians
  8 deep elf annihilators (Elf:3)
  Nessos (Lair:5)
  5 white draconians
  2 spark wasps
  8 red draconians
  6 ettins
  A crystal guardian (Vaults:4)
  2 green deaths (Abyss:4)
  An eidolon (Abyss:4)
  4 blizzard demons (WizLab)
  3 deep elf death magi
  4 merfolk javelineers
  A merfolk impaler (Shoals:4)
  5 fire dragons
  3 deep elf high priests
  2 rakshasas
  14 vault guards
  Josephine (Shoals:1)
  7 ice dragons
  5 great orbs of eyes
  4 yaktaur captains
  3 spriggan air magi
  A merfolk avatar (Shoals:1)
  3 ghost crabs (WizLab)
  2 anacondas (Snake:3)
  4 ironbound frosthearts
  A spriggan skeleton (Crypt:3)
  48 starcursed masses
  A merfolk aquamancer (Shoals:4)
  2 catoblepae
  4 boulder beetles
  11 dancing weapons
  4 tengu warriors
  A two-headed ogre (D:15)
  A deep troll shaman (Depths:2)
  A death knight (Abyss:4)
  A centaur warrior (D:14)
  3 naga warriors
  3 vampire magi
  7 thrashing horrors
  A satyr (Abyss:4)
  4 spriggan berserkers
  7 hell hogs
  A titan zombie (Hell)
  5 naga sharpshooters
  7 death yaks
  5 deep troll earth magi
  5 shock serpents
  Nergalle (D:12)
  12 hell knights
  3 orc high priests
  12 wretched stars
  A soul eater (Hell)
  4 sun demons
  A storm dragon zombie (Hell)
  5 deep elf knights
  2 fire crabs (Abyss:4)
  A salamander mystic (Snake:4)
  A storm dragon skeleton (Crypt:1)
  6 skeletal warriors
  5 spatial maelstroms
  3 iron trolls
  4 glowing orange brains
  3 death drakes (WizLab)
  5 sea snakes
  A golden dragon zombie (Hell)
  3 naga ritualists
  4 deep elf archers
  6 flayed ghosts
  4 swamp dragons
  2 obsidian statues (Zot:5)
  2 goliath frog zombies
  26 deep trolls
  4 wizards
  3 lindwurms
  An ironbound convoker (Vaults:3)
  16 deep elf pyromancers
  4 phantasmal warriors
  2 necromancers
  5 harpies
  2 stone giant zombies
  11 deep elf zephyrmancers
  A wolf spider (D:14)
  4 mana vipers
  An iron dragon zombie (Hell)
  2 orc knights
  An orc sorcerer (Orc:2)
  5 shining eyes
  A shadow dragon skeleton (Crypt:3)
  10 ugly things
  3 salamanders
  3 will-o-the-wisps (Abyss:4)
  A faun (Shoals:4)
  6 worldbinders
  A fire giant zombie (Hell)
  8 moths of wrath
  An oklob plant (Lair:2)
  3 cyclopes
  4 manticores
  A merfolk siren (Shoals:4)
  7 apocalypse crabs
  26 black mambas
  A titan simulacrum (Vaults:2)
  3 eyes of devastation
  2 water nymphs (Shoals:4)
  4 naga magi
  A black mamba (shapeshifter) (Vaults:5)
  6 elephants
  The ghost of Graphine the Changer, a novice NaTm of Ashenzari (D:6)
  A fire giant skeleton (Crypt:1)
  3 guardian serpents
  7 vault sentinels
  A rust devil (Hell)
  An ice statue (Abyss:4)
  11 smoke demons
  2 torpor snails (Lair:5)
  6 cane toads
  Maggie (D:7)
  5 unseen horrors
  3 demonic crawlers
  2 hellions
  A green draconian zombie (Crypt:2)
  2 gargoyles (D:11)
  3 dire elephant skeletons
  A komodo dragon (shapeshifter) (D:13)
  A rime drake (Lair:1)
  6 yaktaurs
  6 tormentors
  A white draconian skeleton (Crypt:2)
  3 freezing wraiths
  A komodo dragon (Lair:2)
  2 tengu conjurers (Depths:1)
  11 ancient zymes
  2 red devils (Hell)
  5 trolls
  A harpy zombie (Abyss:4)
  4 merfolk (Shoals:4)
  A polar bear (Lair:1)
  2 hornets
  A wind drake (Shoals:1)
  4 hellwings
  Prince Ribbit (D:8)
  An ettin zombie (Hell)
  5 snapping turtles
  2 spriggan zombies (Hell)
  9 blink frogs
  19 raiju
  A dream sheep (Lair:5)
  23 small abominations
  15 air elementals
  2 shadows
  A spriggan (Depths:4)
  Sigmund (D:4)
  13 flying skulls
  31 slime creatures
  11 water elementals
  A vampire (D:11)
  6 ynoxinuls
  5 wyverns
  3 wraiths
  An ettin skeleton (Crypt:2)
  A yak (shapeshifter) (Abyss:1)
  4 fire elementals
  20 yaks
  3 basilisks
  31 large abominations
  3 steam dragons
  A fire bat (Abyss:1)
  9 neqoxecs
  12 vampire mosquitoes
  4 wargs
  10 chaos spawn
  3 acid dragons
  17 nagas
  A hydra simulacrum (Abyss:1)
  A two-headed ogre zombie (Crypt:1)
  A human zombie (Hell)
  10 spatial vortices (Abyss:4)
  20 water moccasins
  A floating eye (Slime:5)
  A glowing shapeshifter zombie (Hell)
  A hell hound (Abyss:4)
  7 orc warriors
  A sky beast (Abyss:4)
  3 swamp drakes
  2 ice beasts
  2 black bears
  An ettin simulacrum (Abyss:4)
  4 wolves
  A torpor snail zombie (Crypt:2)
  9 ogres
  8 centaurs
  2 phantoms
  A kobold brigand (D:6)
  2 gnoll sergeants
  9 scorpions
  2 earth elementals (Abyss:4)
  4 bullfrogs
  4 necrophages
  A naga simulacrum (Hell)
  8 wights
  10 killer bees
  8 electric eels
  3 howler monkeys (D:9)
  A crimson imp (Abyss:1)
  A quasit (Abyss:1)
  7 jellies
  9 hounds
  2 orc priests
  2 iron imps
  2 gnoll boudas
  12 iguanas
  2 sleepcaps (D:8)
  6 orc wizards
  Natasha (twice) (D:2)
  7 hell rats
  2 polar bear simulacra (Lair:3)
  A wolf simulacrum (Lair:3)
  2 yak simulacra (Lair:3)
  28 adders
  22 gnolls
  2 shadow imps
  5 white imps
  5 ufetubi
  3 worms
  2 dart slugs
  29 orcs
  9 ball pythons
  7 bats
  A bat skeleton (Crypt:3)
  8 endoplasms
  3 giant cockroaches
  6 goblins
  10 hobgoblins
  A quokka (D:2)
  A ball python skeleton (Crypt:2)
  3 frilled lizards
  A goblin skeleton (Crypt:2)
  13 kobolds
  6 rats
  4 lurking horrors
  A spectral weapon (Depths:3)
  15 starspawn tentacles
1506 creatures vanquished.

Vanquished Creatures (collateral kills)
  the Royal Jelly (Slime:5)
  2 dread liches (Zot:5)
  4 orbs of fire (Zot:5)
  2 juggernauts (Depths:3)
  Bai Suzhen (Crypt:1)
  The ghost of Bunoc the Executioner, a veteran FoFi of Dithmenos (Crypt:3)
  Vashnia (Snake:3)
  A caustic shrike (Depths:3)
  A curse toe (Crypt:3)
  12 golden dragons
  Geryon (Hell)
  the Enchantress (Depths:4)
  3 doom hounds (Zot:3)
  2 electric golems (Zot:5)
  Jorgrun (Elf:2)
  6 tentacled monstrosities
  A walking crystal tome (Depths:1)
  A walking earthen tome (Depths:3)
  12 Orb Guardians (Zot:5)
  3 liches
  Grunn (Zot:3)
  Asterion (Snake:3)
  2 quicksilver dragons
  8 titans
  A walking frostbound tome (Depths:3)
  10 acid blobs
  A deep elf master archer (Elf:3)
  A kraken (Shoals:3)
  5 ancient champions
  7 death cobs
  3 sphinxes
  Agnes (Elf:2)
  2 tengu reavers
  9 storm dragons
  5 shadow dragons
  4 fire giants (Depths:3)
  Roxanne (Snake:2)
  A draconian monk (Zot:2)
  5 rockslimes
  A draconian knight (Zot:3)
  Donald (Vaults:4)
  2 nagarajas (Snake:4)
  5 narguns (Depths:1)
  A revenant (Crypt:1)
  5 azure jellies
  A frost giant (shapeshifter) (D:11)
  5 frost giants
  A quicksilver elemental (Dis:2)
  2 deep elf sorcerers
  5 draconian shifters
  A draconian scorcher (Zot:5)
  19 vault wardens
  A ghost moth (Zot:4)
  Aizul (Snake:2)
  2 deep elf elementalists (Elf:3)
  A draconian stormcaller (Zot:3)
  11 stone giants
  8 ghouls
  2 orc warlords
  2 draconian annihilators
  7 reapers
  8 very ugly things
  4 ironbound thunderhulks
  7 quicksilver oozes
  11 ironbound preservers
  6 war gargoyles
  A grey draconian (Depths:3)
  2 deep elf demonologists
  5 white draconians
  7 green draconians
  A putrid mouth (Zot:3)
  3 vampire knights
  5 black draconians
  3 spriggan defenders
  A deep elf annihilator (Elf:3)
  9 dire elephants
  9 purple draconians
  4 yellow draconians
  6 spark wasps
  A blizzard demon (Hell)
  4 deep elf death magi
  6 red draconians
  4 eidola
  3 merfolk javelineers (Shoals:4)
  10 fire dragons
  4 merfolk impalers
  9 ettins
  3 deep elf high priests (Elf:3)
  3 entropy weavers
  6 great orbs of eyes
  8 yaktaur captains
  A jiangshi (Crypt:2)
  A rakshasa (Abyss:4)
  A peacekeeper (Vaults:4)
  3 ice dragons
  A salamander tyrant (Snake:4)
  23 vault guards
  7 anacondas
  A catoblepas (Lair:5)
  2 spriggan air magi
  5 centaur warriors
  2 hydras
  3 merfolk avatars
  8 ironbound frosthearts
  Erica (Orc:1)
  An alligator snapping turtle (Shoals:4)
  An ogre mage (D:15)
  A spriggan skeleton (Hell)
  2 merfolk aquamancers
  4 two-headed ogres (D:15)
  3 boulder beetles
  17 dancing weapons
  8 tengu warriors
  2 death knights
  2 hell hogs (Depths:3)
  3 satyrs
  3 deep troll shamans (Depths:3)
  The ghost of Henri the Unseen, a journeyman VSEn of Wu Jian (D:11)
  5 deep troll earth magi
  2 orc high priests (Orc:2)
  A vampire mage (Crypt:2)
  7 naga warriors
  2 death yaks (Lair:3)
  4 shock serpents
  Sonja (Orc:2)
  12 hell knights
  5 naga sharpshooters
  2 soul eaters
  A sun demon (Hell)
  4 iron trolls
  10 skeletal warriors
  A crystal echidna (Dis:2)
  A salamander mystic (Snake:4)
  5 deep elf knights
  A goliath frog (shapeshifter) (Vaults:5)
  5 glowing orange brains
  40 deep trolls
  2 skysharks
  A swamp dragon (Depths:4)
  4 flayed ghosts
  10 sea snakes
  6 naga ritualists
  A bog body (Crypt:3)
  5 deep elf archers
  11 ironbound convokers
  21 harpies
  14 deep elf zephyrmancers
  An obsidian statue (Zot:5)
  5 lindwurms
  8 necromancers
  5 wizards
  17 deep elf pyromancers
  10 phantasmal warriors
  An oklob plant (Lair:4)
  An iron dragon zombie (Crypt:3)
  9 mana vipers
  An orc sorcerer (Vaults:5)
  3 orc knights
  27 ugly things
  4 manticores
  7 salamanders
  A manticore (shapeshifter) (Vaults:4)
  16 fauns
  4 shining eyes
  A wolf spider (Lair:5)
  An elephant (shapeshifter) (Depths:4)
  A mana viper (shapeshifter) (Vaults:5)
  6 merfolk sirens
  A cyclops (D:13)
  9 elephants
  11 moths of wrath
  A rust devil (Hell)
  20 vault sentinels
  24 black mambas
  A guardian serpent (shapeshifter) (Vaults:5)
  3 water nymphs
  9 naga magi
  A titan simulacrum (Crypt:1)
  8 guardian serpents
  7 cane toads
  An elephant slug zombie (Crypt:1)
  A gargoyle (D:14)
  7 orange demons
  A naga skeleton (Crypt:3)
  An iron troll zombie (Crypt:3)
  3 spriggan zombies (Hell)
  3 freezing wraiths
  3 komodo dragons
  3 tengu conjurers
  A tormentor (Dis:2)
  2 efreet
  26 yaktaurs
  An anaconda simulacrum (Hell)
  An ice devil (Hell)
  An alligator snapping turtle skeleton (Crypt:2)
  A harpy zombie (Crypt:1)
  A troll (D:13)
  16 merfolk
  8 wind drakes
  2 hornets (Lair:5)
  13 blink frogs
  3 snapping turtles (Shoals:2)
  A tarantella (shapeshifter) (Depths:3)
  6 dream sheep (Lair:5)
  8 water elementals
  A black mamba zombie (Crypt:3)
  2 air elementals
  A small abomination (Abyss:1)
  2 flying skulls (Crypt:3)
  A jumping spider (Vaults:3)
  51 slime creatures
  A spriggan (Depths:4)
  A dire elephant simulacrum (Hell)
  A human (shapeshifter) (Abyss:4)
  10 wyverns
  6 wraiths
  An alligator skeleton (Crypt:3)
  11 yaks
  A steam dragon (Lair:5)
  4 fire elementals
  5 vampire mosquitoes
  A basilisk (Lair:5)
  A chaos spawn (Abyss:4)
  A naga zombie (Crypt:1)
  3 wargs
  A spatial vortex (Abyss:4)
  37 nagas
  An acid dragon (Lair:5)
  A water nymph zombie (Crypt:2)
  19 water moccasins
  A hell hound (Depths:3)
  A swamp drake (Lair:5)
  4 orc warriors
  An elephant zombie (Crypt:2)
  8 wolves (Lair:5)
  An ogre (shapeshifter) (Vaults:5)
  4 ogres
  2 scorpions (Elf:1)
  2 bullfrogs (Lair:3)
  A glowing shapeshifter simulacrum (Vaults:2)
  4 earth elementals
  A wight (Abyss:4)
  A cyclops skeleton (Crypt:1)
  3 electric eels (Snake:4)
  A crimson imp (Orc:1)
  A human simulacrum (Vaults:2)
  A quasit (Abyss:1)
  4 orc priests
  A centaur skeleton (Crypt:3)
  An iron imp (Abyss:1)
  A boggart zombie (Crypt:1)
  An iguana (Lair:5)
  7 orc wizards
  6 hell rats
  A yak simulacrum (Lair:3)
  2 wolf simulacra (Lair:3)
  A tengu skeleton (Crypt:3)
  An adder (Lair:1)
  A gnoll (D:10)
  A howler monkey skeleton (Crypt:3)
  4 white imps
  16 orcs
  An orc skeleton (Crypt:1)
  3 river rat simulacra (Lair:3)
  A river rat skeleton (Crypt:3)
  A butterfly (Lair:4)
  3 fire vortices (Hell)
1249 creatures vanquished.

Vanquished Creatures (others)
  A golden dragon (Zot:5)
  An Orb Guardian (Zot:5)
  A tentacled starspawn (Abyss:4)
  A sphinx (Depths:2)
  8 orc warlords
  3 orc knights
  A blizzard demon (WizLab)
  A yaktaur captain (Vaults:5)
  A spriggan air mage (WizLab)
  2 naga warriors (Abyss:4)
  2 orc high priests
  A deep elf knight (Elf:3)
  A sixfirhy (Abyss:4)
  A deep troll (Depths:3)
  3 orc sorcerers
  28 orc warriors
  A freezing wraith (Vaults:5)
  A large abomination (Abyss:4)
  3 small abominations (Abyss:4)
  A naga (Snake:4)
  23 orc wizards
  13 orc priests
  A white imp (Abyss:1)
  71 orcs
  9 foxfires (Abyss:4)
  2 lurking horrors (Abyss:4)
  18 starspawn tentacles
  4 tentacles (Shoals:3)
203 creatures vanquished.

Grand Total: 2958 creatures vanquished

Notes
Turn   | Place    | Note
-------+----------+-------------------------------------------
     0 | D:1      | Bnni the Hill Orc Fighter began the quest for the Orb.
     0 | D:1      | Reached XP level 1. HP: 19/19 MP: 1/1
    39 | D:1      | Reached XP level 2. HP: 27/27 MP: 2/2
   418 | D:1      | Reached XP level 3. HP: 33/33 MP: 3/3
   958 | D:2      | Reached XP level 4. HP: 36/40 MP: 4/4
   988 | D:2      | Noticed Natasha
   995 | D:2      | Killed Natasha
  1142 | D:2      | Noticed Natasha
  1150 | D:2      | Killed Natasha
  1151 | D:2      | Reached XP level 5. HP: 40/47 MP: 5/5
  1832 | D:2      | Reached skill level 5 in Axes
  2270 | D:3      | Reached skill level 5 in Shields
  2481 | D:3      | Found an opulent altar of Gozag.
  2580 | D:4      | Noticed Sigmund
  2584 | D:4      | Killed Sigmund
  2585 | D:4      | Reached skill level 5 in Fighting
  2585 | D:4      | Reached XP level 6. HP: 55/56 MP: 6/6
  2700 | D:4      | Reached XP level 7. HP: 35/61 MP: 7/7
  3095 | D:4      | Became a worshipper of Beogh the Brigand
  3515 | D:4      | Identified the +6 broad axe "Vestuvuc" {drain, MP+9 Stlth+}
  4066 | D:5      | Entered Level 5 of the Dungeon
  4073 | D:5      | Reached XP level 8. HP: 64/71 MP: 8/8
  4226 | D:5      | Reached skill level 10 in Axes
  4835 | D:5      | Reached * piety under Beogh
  4962 | D:5      | Reached XP level 9. HP: 81/81 MP: 9/9
  5160 | D:6      | Identified the +3 falchion "Savopic" {antimagic, Fly Str+5}
  5211 | D:6      | Found a runed translucent door.
  5211 | D:6      | Noticed Graphine's ghost (novice NaTm)
  5224 | D:6      | Killed Graphine's ghost
  5232 | D:6      | Found a runed translucent door.
  5454 | D:6      | You fall into a shaft and drop 2 floors!
  5548 | D:6      | Found Lapolusa's Armour Emporium.
  5686 | D:6      | Found a broken altar of Ashenzari.
  5690 | D:6      | Saw a vision of the Shoals and the Snake Pit.
  5690 | D:6      | Noticed a black mamba
  5690 | D:6      | Noticed a mana viper
  5690 | D:6      | Noticed a harpy
  5690 | D:6      | Noticed a harpy
  5690 | D:6      | Noticed a sea snake
  5690 | D:6      | Noticed a harpy
  5690 | D:6      | Noticed a cyclops
  5691 | D:6      | Noticed a manticore
  6155 | D:7      | Noticed Maggie
  6167 | D:7      | Killed Maggie
  6168 | D:7      | Reached skill level 10 in Fighting
  6168 | D:7      | Reached XP level 10. HP: 64/93 MP: 10/10
  6232 | D:7      | Found a staircase to the Ecumenical Temple.
  6241 | D:7      | Reached ** piety under Beogh
  6620 | D:8      | Reached skill level 15 in Axes
  6622 | D:8      | Found a staircase to the Lair.
  6673 | D:8      | Found an iron altar of Okawaru.
  6764 | D:8      | Found Ycza's Armour Shop.
  6797 | D:8      | Found a shadowy altar of Dithmenos.
  6825 | D:8      | Found a bloodstained altar of Trog.
  6901 | D:8      | Found Dyuk's Antique Armour Emporium.
  6921 | D:8      | Noticed an unseen horror
  6926 | D:8      | Killed an unseen horror
  7007 | D:8      | Found a sacrificial altar of Ru.
  7054 | D:8      | Noticed Prince Ribbit
  7070 | D:8      | Killed Prince Ribbit
  7422 | D:9      | Found a flagged portal.
  7443 | Bailey   | Entered a bailey
  7483 | Bailey   | Reached *** piety under Beogh
  8242 | Bailey   | Found a roughly hewn altar of Beogh.
  8243 | Bailey   | Noticed an orc knight
  8243 | Bailey   | Noticed an orc knight
  8255 | Bailey   | Killed an orc knight
  8364 | Bailey   | Reached XP level 11. HP: 46/103 MP: 11/11
  8504 | Bailey   | Killed an orc knight
  8646 | Bailey   | Identified the +1 bardiche of the Weak God {venom, Dex+3}
  8823 | Bailey   | Acquired 835 gold pieces
  8911 | D:6      | Bought +2 gold dragon scales for 1196 gold pieces
  9263 | D:9      | Reached **** piety under Beogh
  9540 | D:10     | Entered Level 10 of the Dungeon
  9714 | D:10     | Found a shimmering altar of Xom.
  9733 | D:10     | Reached skill level 1 in Invocations
  9736 | D:10     | Reached skill level 1 in Throwing
 10003 | D:10     | Reached skill level 2 in Invocations
 10390 | D:10     | Noticed a cyclops
 10416 | D:10     | Noticed a deep elf pyromancer
 10423 | D:10     | Killed a deep elf pyromancer
 10424 | D:10     | Reached skill level 3 in Invocations
 10444 | D:10     | Killed a cyclops
 10449 | D:10     | Got the Quarto of Bewitchment
 10455 | D:10     | Got the Information on the Traveller
 10666 | D:11     | Found a runed translucent gate.
 10667 | D:11     | Noticed a cyclops
 10668 | D:11     | Noticed Henri's ghost (journeyman VSEn)
 10671 | D:11     | Noticed a brown ugly thing
 10698 | D:11     | Reached skill level 4 in Invocations
 10699 | D:11     | Reached skill level 5 in Armour
 10699 | D:11     | Reached XP level 12. HP: 101/115 MP: 15/15
 11076 | D:11     | Noticed a storm dragon
 11259 | D:11     | Found a runed translucent door.
 11260 | D:11     | Found a shadowy altar of Dithmenos.
 11260 | D:11     | Noticed a +3 demon whip of pain
 11345 | D:11     | Noticed a frost giant
 11346 | D:11     | Found a runed translucent gate.
 11347 | D:11     | Found a runed translucent gate.
 11367 | D:11     | Reached skill level 5 in Invocations
 11484 | D:11     | Identified the +9 trident of True Grit {flame, rPois Str+4
                  | Dex+2}
 11525 | D:11     | Noticed an alligator snapping turtle
 11661 | D:11     | Killed a +3 demon whip of pain
 11663 | D:11     | HP: 4/108 [+1 demon blade of draining (4)]
 11669 | D:11     | Reached ***** piety under Beogh
 11846 | Lair:1   | Entered Level 1 of the Lair of Beasts
 11850 | Lair:1   | Reached skill level 6 in Invocations
 12334 | Lair:1   | Gained Morbeogh as an ally
 12352 | Lair:1   | Identified the +3 leather armour "Xonus" {rC+ MP+9}
 12408 | Lair:1   | Gained Warbeogh as an ally
 12672 | Lair:1   | Reached skill level 7 in Invocations
 12956 | Lair:2   | Reached skill level 5 in Throwing
 12997 | Lair:2   | Found a staircase to the Shoals.
 13358 | Lair:2   | Reached XP level 13. HP: 125/125 MP: 18/18
 13712 | Lair:3   | Reached skill level 8 in Invocations
 14068 | Lair:3   | Reached skill level 9 in Invocations
 14125 | Lair:3   | Gained Worak as an ally
 14128 | Lair:3   | Reached skill level 15 in Fighting
 14197 | Lair:3   | Found a staircase to the Snake Pit.
 14629 | Lair:4   | Reached ****** piety under Beogh
 14743 | Lair:4   | Found a blossoming altar of Fedhas.
 14917 | Lair:4   | Found a staircase to the Slime Pits.
 14917 | Lair:4   | Found a viscous altar of Jiyva.
 15064 | Lair:4   | Reached skill level 10 in Invocations
 15586 | Lair:5   | Entered Level 5 of the Lair of Beasts
 15620 | Lair:5   | Reached XP level 14. HP: 132/135 MP: 21/21
 15754 | Lair:5   | Reached skill level 11 in Invocations
 15781 | Lair:5   | Noticed Nessos
 15791 | Lair:5   | Killed Nessos
 15792 | Lair:5   | Reached skill level 10 in Armour
 15811 | Lair:5   | Your ally Worak died
 16914 | D:8      | Bought a runed helmet for 240 gold pieces
 16914 | D:8      | Bought an ichor-stained cloak for 304 gold pieces
 16914 | D:8      | Identified the +1 cloak of Optimism {Will+} (You bought it
                  | in a shop on level 8 of the Dungeon)
 16983 | D:6      | Bought a +1 pair of gloves of strength for 214 gold pieces
 17095 | D:11     | Noticed a frost giant
 17108 | D:11     | Killed a frost giant
 17112 | D:11     | Killed Henri's ghost
 17114 | D:11     | Reached skill level 12 in Invocations
 17258 | D:12     | Found a staircase to the Orcish Mines.
 17954 | D:12     | Noticed Nergalle
 17960 | D:12     | Killed Nergalle
 18626 | D:13     | Found a gate to the Vaults.
 19129 | D:13     | Reached XP level 15. HP: 145/145 MP: 24/24
 19326 | D:14     | Found an opulent altar of Gozag.
 19522 | D:14     | Found a roughly hewn altar of Beogh.
 19638 | D:14     | Reached skill level 10 in Throwing
 19674 | D:14     | Found a sparkling altar of Nemelex Xobeh.
 19992 | D:14     | Found a stormy altar of Qazlal.
 20203 | D:15     | Entered Level 15 of the Dungeon
 20213 | D:15     | Reached skill level 13 in Invocations
 20948 | D:15     | Gained Argrim as an ally
 21580 | D:15     | Found a staircase to the Depths.
 21614 | D:15     | Found a radiant altar of Vehumet.
 21723 | D:15     | Found a glowing silver altar of Zin.
 21790 | Depths:1 | Entered Level 1 of the Depths
 21845 | Depths:1 | Found a gateway to Hell.
 21937 | Depths:1 | Reached skill level 1 in Dodging
 22228 | Depths:1 | Noticed a frost giant
 22235 | Depths:1 | Killed a frost giant
 22253 | Depths:1 | Identified the +6 hand axe of Ascent {venom, rElec rF+ rN+}
 22471 | Depths:1 | Noticed a nargun
 22471 | Depths:1 | Noticed a nargun
 22471 | Depths:1 | Noticed a walking divine tome
 22471 | Depths:1 | Noticed a nargun
 22471 | Depths:1 | Noticed a nargun
 22471 | Depths:1 | Noticed a nargun
 22472 | Depths:1 | Noticed a nargun
 22473 | Depths:1 | Noticed a walking crystal tome
 22630 | Depths:1 | Found a shimmering altar of Xom.
 23470 | Snake:1  | Entered Level 1 of the Snake Pit
 23705 | Snake:1  | Found Vezeeh's Armour Shoppe.
 23787 | Snake:1  | Found Niucyg's Book Boutique.
 24214 | Snake:1  | Found a runed translucent door.
 24220 | Snake:1  | Reached XP level 16. HP: 141/142 MP: 18/26
 24223 | Snake:1  | Noticed Peloso's ghost (adept MiFi)
 24253 | Snake:1  | Killed Peloso's ghost
 24343 | Snake:1  | Found Faaphiyr's Weapon Shop.
 24435 | Snake:1  | Found Ceuxef's Jewellery Emporium.
 24436 | Snake:1  | Found Hump's Book Shop.
 24437 | Snake:1  | Found Uvviv's Jewellery Emporium.
 25078 | Orc:1    | Entered Level 1 of the Orcish Mines
 25286 | Orc:1    | Noticed Erica
 25289 | Orc:1    | Killed Erica
 25326 | Orc:1    | Found a roughly hewn altar of Beogh.
 26295 | Orc:2    | Entered Level 2 of the Orcish Mines
 26347 | Orc:2    | Found a staircase to the Elven Halls.
 26437 | Orc:2    | Found a runed translucent door.
 26444 | Orc:2    | Noticed Sverke's ghost (journeyman GrFi)
 26451 | Orc:2    | Killed Sverke's ghost
 26674 | Orc:2    | Noticed Sonja
 26682 | Orc:2    | Killed Sonja
 26818 | Orc:2    | Reached skill level 14 in Invocations
 26819 | Orc:2    | Gained Koronagh as an ally
 27378 | Orc:2    | Found Daytta Lywk's General Store.
 27379 | Orc:2    | Found Kiheruut's Jewellery Shoppe.
 27382 | Orc:2    | Found Jostroun's Antique Armour Shoppe.
 27382 | Orc:2    | Found Oluocufyn's Antique Weapon Emporium.
 27406 | Orc:2    | Bought a pair of twisted gloves for 332 gold pieces
 27406 | Orc:2    | Identified the +0 pair of gloves of Wavaoz Riygh {rF+++
                  | Dex-4 SInv} (You bought it in a shop on level 2 of the
                  | Orcish Mines)
 27793 | Orc:1    | Found Toteklif's Book Shoppe.
 28428 | Snake:2  | Noticed Roxanne
 28437 | Snake:2  | Killed Roxanne
 29214 | Snake:2  | Noticed Aizul
 29216 | Snake:2  | Gained Bogmar as an ally
 29223 | Snake:2  | Killed Aizul
 29237 | Snake:2  | Identified the +1 robe of Iroovib {*Corrode Str+2 Int+8
                  | Stlth+}
 29516 | Snake:2  | Found Qeolyuf's Weapon Boutique.
 30364 | Snake:3  | Identified the +2 robe of Wuavuax {Dex+4}
 30388 | Snake:3  | Noticed Vashnia
 30406 | Snake:3  | Killed Vashnia
 30773 | Snake:3  | Noticed Asterion
 30785 | Snake:3  | Killed Asterion
 30851 | Snake:3  | Gained Orgrim as an ally
 31026 | Snake:3  | Identified the +4 scale mail of Spring {rF+}
 31736 | Snake:4  | Entered Level 4 of the Snake Pit
 32365 | Snake:4  | Gained Learuk as an ally
 33193 | Snake:4  | Your ally Learuk died
 33383 | Snake:4  | Gained Morun as an ally
 33408 | Snake:4  | Reached XP level 17. HP: 148/163 MP: 17/28
 33768 | Snake:4  | Reached skill level 15 in Invocations
 34016 | Snake:4  | Gained Bogrim as an ally
 34187 | Snake:4  | Got a serpentine rune of Zot
 34479 | Shoals:1 | Entered Level 1 of the Shoals
 34503 | Shoals:1 | Noticed Josephine
 34510 | Shoals:1 | Killed Josephine
 34539 | Shoals:1 | Gained Oreg as an ally
 34547 | Shoals:1 | Reached skill level 5 in Dodging
 34661 | Shoals:1 | Noticed Mlioglotl
 34664 | Shoals:1 | Noticed an Executioner
 34666 | Shoals:1 | Noticed a tentacled starspawn
 34671 | Shoals:1 | Killed Mlioglotl
 34672 | Shoals:1 | Reached skill level 10 in Shields
 35120 | Shoals:2 | Identified the +0 ring mail of a wizard's laboratory
                  | {rPois}
 35476 | Shoals:3 | Identified the +3 ring mail of Tehyipt {rC+}
 35560 | Shoals:3 | Noticed a kraken
 35562 | Shoals:3 | Killed a kraken
 35622 | Shoals:3 | Found Coseir Amaj's Self-Improvement Boutique.
 35630 | Shoals:3 | Bought a manual of Armour for 1040 gold pieces
 35689 | Shoals:3 | Found Paazekuq's Antique Armour Emporium.
 35725 | Shoals:4 | Entered Level 4 of the Shoals
 36103 | Shoals:4 | Got a barnacled rune of Zot
 36250 | Shoals:4 | Reached XP level 18. HP: 169/174 MP: 29/29
 36252 | Shoals:4 | Identified the ring "Aroast" {Ice rElec Str+6 Int-3}
 36657 | Shoals:4 | Reached skill level 16 in Invocations
 36732 | Shoals:4 | Identified the +7 hand axe "Mukk" {freeze, *Noise rF- Int+8
                  | Dex+4 SInv}
 36789 | Shoals:4 | Gained Nordag as an ally
 37331 | Vaults:1 | Entered Level 1 of the Vaults
 37959 | Vaults:1 | Your ally Koronagh died
 37964 | Vaults:1 | Reached skill level 15 in Armour
 38094 | Vaults:1 | Found Gaissir's Distillery.
 38848 | Vaults:1 | Gained Horkud as an ally
 39846 | Vaults:2 | Reached skill level 15 in Throwing
 40627 | Vaults:2 | Reached skill level 17 in Invocations
 40788 | Vaults:2 | Your ally Bogrim died
 40790 | Vaults:2 | Your ally Morun died
 40794 | Vaults:2 | Reached XP level 19. HP: 141/184 MP: 29/31
 41606 | Vaults:3 | Found a portal to a secret trove of treasure.
 41678 | Vaults:3 | Found a staircase to the Crypt.
 41678 | Vaults:3 | Found a basalt altar of Yredelemnul.
 41679 | Vaults:3 | Found an ancient bone altar of Kikubaaqudgha.
 42709 | Shoals:3 | Bought a manual of Dodging for 1040 gold pieces
 43787 | Vaults:4 | Killed Donald
 44594 | Vaults:4 | Reached skill level 18 in Invocations
 45458 | Depths:1 | Killed a walking crystal tome
 45516 | Depths:2 | Your ally Koronagh died
 45520 | Depths:2 | Reached XP level 20. HP: 149/195 MP: 29/33
 45521 | Depths:2 | Your ally Horkud died
 45915 | Depths:2 | Found a transporter.
 46114 | Depths:2 | Found a transporter.
 46262 | Depths:2 | Acquired 766 gold pieces
 46336 | Depths:2 | Found a one-way gate leading to the halls of Pandemonium.
 46725 | Depths:2 | Noticed a golden dragon
 46741 | Depths:2 | Gained mutation: Potions are less effective at restoring
                  | your health. [mutagenic glow]
 46758 | Depths:2 | Killed a golden dragon
 46760 | Depths:2 | Gained mutation: [You are dopey. (Int -2)] [mutagenic glow]
 46773 | Depths:2 | Lost mutation: Potions are less effective at restoring your
                  | health. [potion of mutation]
 46773 | Depths:2 | Lost mutation: [You are dopey. (Int -2)] [potion of
                  | mutation]
 46773 | Depths:2 | Gained mutation: You are robust. (+10% HP) [potion of
                  | mutation]
 46773 | Depths:2 | Gained mutation: You passively dampen the noise of your
                  | surroundings. [potion of mutation]
 46773 | Depths:2 | Gained mutation: You are very robust. (+20% HP) [potion of
                  | mutation]
 46780 | Depths:2 | Identified the ring of Free Expression {rF+ Dex+3}
 46789 | Depths:2 | Gained mutation: Your body sometimes deteriorates upon
                  | taking damage. [mutagenic glow]
 46793 | Depths:2 | Identified the ring "Vazoy" {rF+ Int+2}
 46798 | Depths:2 | Identified the +6 morningstar "Lyxkiec" {distort, *Corrode
                  | Will+ Int+3}
 47167 | Depths:3 | Found a one-way gate to the infinite horrors of the Abyss.
 47200 | Depths:3 | Noticed a caustic shrike
 47203 | Depths:3 | Killed a caustic shrike
 47217 | Depths:3 | Noticed a juggernaut
 47237 | Depths:3 | Killed a juggernaut
 47248 | Depths:3 | Reached skill level 10 in Dodging
 47470 | Depths:3 | Found a one-way gateway to a ziggurat.
 47471 | Depths:3 | Found an ancient bone altar of Kikubaaqudgha.
 47566 | Depths:3 | Identified the +5 dagger of Bespelled Expedience {freeze,
                  | Str+4}
 47568 | Depths:3 | Identified the ring "Xaot" {rPois rC+ rCorr Str+3 Int+2}
 47704 | Depths:3 | Reached skill level 19 in Invocations
 47933 | Depths:4 | Entered Level 4 of the Depths
 48031 | Depths:4 | Noticed a juggernaut
 48124 | Depths:3 | Killed a juggernaut
 48274 | Depths:3 | Reached XP level 21. HP: 170/236 MP: 34/34
 48274 | Depths:3 | Lost mutation: Your body sometimes deteriorates upon taking
                  | damage. [potion of mutation]
 48274 | Depths:3 | Lost mutation: You are very robust. (+20% HP) [potion of
                  | mutation]
 48274 | Depths:3 | Lost mutation: You are robust. (+10% HP) [potion of
                  | mutation]
 48274 | Depths:3 | Gained mutation: You are vulnerable to heat. (rF-) [potion
                  | of mutation]
 48274 | Depths:3 | Gained mutation: Your movements are slightly less
                  | encumbered by armour. (ER -2) [potion of mutation]
 48275 | Depths:3 | Lost mutation: Your movements are slightly less encumbered
                  | by armour. (ER -2) [potion of mutation]
 48275 | Depths:3 | Lost mutation: You are vulnerable to heat. (rF-) [potion of
                  | mutation]
 48275 | Depths:3 | Gained mutation: You occasionally lose the ability to drink
                  | potions when taking damage. [potion of mutation]
 48275 | Depths:3 | Gained mutation: You are agile. (Dex +4, Str/Int -1)
                  | [potion of mutation]
 48275 | Depths:3 | Gained mutation: Your body sometimes deteriorates upon
                  | taking damage. [potion of mutation]
 48276 | Depths:3 | Lost mutation: Your body sometimes deteriorates upon taking
                  | damage. [potion of mutation]
 48276 | Depths:3 | Lost mutation: You occasionally lose the ability to drink
                  | potions when taking damage. [potion of mutation]
 48276 | Depths:3 | Gained mutation: You expend magic power (3 MP) to
                  | strengthen your wands. [potion of mutation]
 48276 | Depths:3 | Gained mutation: Your skin changes colour to match your
                  | surroundings (Stealth+). [potion of mutation]
 48276 | Depths:3 | Gained mutation: You are covered in fur. (AC +1) [potion of
                  | mutation]
 48632 | Depths:4 | Found an iron altar of Okawaru.
 48638 | Depths:4 | Noticed the Enchantress
 48644 | Depths:4 | Killed the Enchantress
 49065 | Depths:4 | Noticed a golden dragon
 49072 | Depths:4 | Killed a golden dragon
 49206 | Depths:4 | Found a gate to the Realm of Zot.
 49466 | Elf:1    | Entered Level 1 of the Elven Halls
 49493 | Elf:1    | Paralysed by an air elemental for 1 turns
 49496 | Elf:1    | Paralysed by an air elemental for 1 turns
 49516 | Elf:1    | Identified the +0 buckler of the Hot Ocelot {+Inv rElec
                  | rCorr}
 49559 | Elf:1    | Found a magical portal.
 49618 | WizLab   | Entered The Chambers of the Cloud Mage
 49635 | WizLab   | Paralysed by you for 4 turns
 49667 | WizLab   | Paralysed by an air elemental for 1 turns
 49682 | WizLab   | Paralysed by an air elemental for 1 turns
 50122 | WizLab   | Got the Lectures on Glamour
 50127 | WizLab   | Identified the +12 short sword of Irritation {freeze,
                  | Int+2}
 50128 | WizLab   | Identified the +4 ring mail of Gecaf {rF++ Int+2 Stlth+}
 50242 | Elf:1    | Found a radiant altar of Vehumet.
 50344 | Elf:1    | You fall into a shaft and drop 1 floor!
 50410 | Elf:2    | Found a runed translucent gate.
 50410 | Elf:2    | Found a runed translucent gate.
 50410 | Elf:2    | Found a runed translucent gate.
 50452 | Elf:2    | Noticed Agnes
 50456 | Elf:2    | Killed Agnes
 50841 | Elf:1    | Found Vaip's Book Shop.
 50845 | Elf:1    | Found Sank's Book Boutique.
 50845 | Elf:1    | Found Hein's Weapon Shop.
 50853 | Elf:1    | Found Vuffa's Armour Boutique.
 50905 | Elf:2    | Found Biskow's Jewellery Shoppe.
 51011 | Elf:2    | Found a radiant altar of Vehumet.
 51086 | Elf:2    | Reached skill level 20 in Invocations
 51101 | Elf:2    | Noticed Jorgrun
 51105 | Elf:2    | Killed Jorgrun
 51264 | Elf:3    | Entered Level 3 of the Elven Halls
 51309 | Elf:3    | Upgraded the game from 0.30.1 to 0.30.1-3-gfc49f6343a
 51337 | Elf:3    | Paralysed by an air elemental for 1 turns
 51922 | Elf:3    | Reached skill level 15 in Shields
 52244 | Elf:3    | Reached XP level 22. HP: 215/215 MP: 36/36
 52317 | Elf:3    | Identified the +4 whip of Wu Jian's Pride {heavy, rC+}
 52392 | Elf:3    | Identified the +0 demon whip of the Slime-mould {freeze,
                  | Str+3}
 52511 | Elf:3    | Identified the +0 swamp dragon scales of the Flute {Harm
                  | rPois Regen+}
 52638 | Elf:3    | Identified the amulet of Roinon {Spirit rCorr Int+5}
 52777 | Elf:3    | Got the Enchiridion on the Liminal Charnel House
 52803 | Elf:3    | Identified the staff of fire "Ruit" {rElec rF+ Int+5 Dex+3}
 53149 | Crypt:1  | Entered Level 1 of the Crypt
 53310 | Crypt:1  | Reached skill level 21 in Invocations
 53867 | Crypt:2  | Noticed Bai Suzhen
 53893 | Crypt:1  | Killed Bai Suzhen
 54753 | Crypt:3  | Entered Level 3 of the Crypt
 54835 | Crypt:3  | Reached skill level 22 in Invocations
 54914 | Crypt:3  | Noticed a curse toe
 54922 | Crypt:3  | Killed a curse toe
 55087 | Crypt:3  | Found a staircase to the Tomb.
 55139 | Crypt:3  | Found a large runed translucent door.
 55139 | Crypt:3  | Found a large runed translucent door.
 55144 | Crypt:3  | Noticed Bunoc's ghost (veteran FoFi)
 55153 | Crypt:3  | Killed Bunoc's ghost
 55310 | Crypt:3  | Noticed an ancient lich
 55310 | Crypt:3  | Noticed an ancient lich
 55328 | Crypt:3  | Killed an ancient lich
 55337 | Crypt:3  | Killed an ancient lich
 55350 | Crypt:3  | Identified the +0 leather armour of Death's Door {rC+ Int-2
                  | Dex+3}
 55356 | Crypt:3  | Got Asmodeus's Grimoire of the Thirsty Beggars
 55859 | Slime:1  | Entered Level 1 of the Pits of Slime
 55872 | Lair:4   | Reached skill level 23 in Invocations
 55959 | Slime:1  | Gained mutation: You occasionally lose the ability to drink
                  | potions when taking damage. [a shining eye]
 55976 | Slime:2  | Gained mutation: You sometimes lose the ability to drink
                  | potions when taking damage. [a shining eye]
 55977 | Slime:2  | Gained mutation: You occasionally shout uncontrollably at
                  | your foes. [a shining eye]
 55982 | Slime:2  | Gained mutation: You possess an exceptional clarity of
                  | mind. [a shining eye]
 55987 | Slime:2  | Paralysed by a great orb of eyes for 5 turns
 56210 | Slime:3  | Reached XP level 23. HP: 227/227 MP: 38/38
 56336 | Shoals:3 | Bought a manual of Shields for 1040 gold pieces
 56676 | Slime:5  | Entered Level 5 of the Pits of Slime
 56723 | Slime:5  | Noticed the Royal Jelly
 56736 | Slime:5  | Killed the Royal Jelly
 56797 | Slime:5  | Identified the ring of Iwaulois {rPois rC+ Will+}
 56800 | Slime:5  | Got a slimy rune of Zot
 56832 | Slime:5  | Identified the +11 longbow of Disorder {speed, rPois}
 56843 | Slime:5  | Noticed Dissolution
 56847 | Slime:5  | Killed Dissolution
 56865 | Slime:5  | Got Saoc's Wizarding, Part Five
 56875 | Slime:5  | Identified the +6 morningstar "Dragonbane" {venom, Int+2}
 56974 | Slime:5  | Identified the +1 scale mail "Qigg" {+Inv rC+}
 56979 | Slime:5  | Identified the staff of fire "Baman" {rElec rF+ MP-9 Str+6
                  | Dex-3}
 57371 | Slime:3  | Reached skill level 24 in Invocations
 57373 | Slime:3  | Gained mutation: You are weak. (Str -2) [a shining eye]
 57497 | Slime:1  | Gained mutation: You occasionally lose the ability to read
                  | scrolls when taking damage. [a shining eye]
 57500 | Slime:1  | Gained mutation: Armour fits poorly on your strangely
                  | shaped body. [a shining eye]
 57972 | Vaults:5 | Entered Level 5 of the Vaults
 58322 | Vaults:5 | Lost mutation: You are weak. (Str -2) [potion of mutation]
 58322 | Vaults:5 | Lost mutation: You occasionally lose the ability to read
                  | scrolls when taking damage. [potion of mutation]
 58322 | Vaults:5 | Lost mutation: You sometimes lose the ability to drink
                  | potions when taking damage. [potion of mutation]
 58323 | Vaults:5 | Lost mutation: You occasionally lose the ability to drink
                  | potions when taking damage. [potion of mutation]
 58323 | Vaults:5 | Lost mutation: You are covered in fur. (AC +1) [potion of
                  | mutation]
 58323 | Vaults:5 | Lost mutation: You passively dampen the noise of your
                  | surroundings. [potion of mutation]
 58323 | Vaults:5 | Lost mutation: You occasionally shout uncontrollably at
                  | your foes. [potion of mutation]
 58323 | Vaults:5 | Gained mutation: You passively map a small area around you.
                  | [potion of mutation]
 58323 | Vaults:5 | Gained mutation: You occasionally lose the ability to drink
                  | potions when taking damage. [potion of mutation]
 58324 | Vaults:5 | Lost mutation: You passively map a small area around you.
                  | [potion of mutation]
 58324 | Vaults:5 | Lost mutation: You expend magic power (3 MP) to strengthen
                  | your wands. [potion of mutation]
 58324 | Vaults:5 | Gained mutation: You are very agile. (Dex +8, Str/Int -2)
                  | [potion of mutation]
 58324 | Vaults:5 | Gained mutation: Your flesh is cold resistant. (rC+)
                  | [potion of mutation]
 58324 | Vaults:5 | Gained mutation: You have large cloven feet. [potion of
                  | mutation]
 58325 | Vaults:5 | Lost mutation: Your skin changes colour to match your
                  | surroundings (Stealth+). [potion of mutation]
 58325 | Vaults:5 | Lost mutation: You possess an exceptional clarity of mind.
                  | [potion of mutation]
 58325 | Vaults:5 | Gained mutation: You have a pair of small horns on your
                  | head. [potion of mutation]
 58326 | Vaults:5 | Lost mutation: You occasionally lose the ability to drink
                  | potions when taking damage. [potion of mutation]
 58326 | Vaults:5 | Lost mutation: You have a pair of small horns on your head.
                  | [potion of mutation]
 58326 | Vaults:5 | Lost mutation: You are very agile. (Dex +8, Str/Int -2)
                  | [potion of mutation]
 58326 | Vaults:5 | Lost mutation: You are agile. (Dex +4, Str/Int -1) [potion
                  | of mutation]
 58326 | Vaults:5 | Gained mutation: You are vulnerable to heat. (rF-) [potion
                  | of mutation]
 58326 | Vaults:5 | Gained mutation: You expend magic power (3 MP) to
                  | strengthen your wands. [potion of mutation]
 58327 | Vaults:5 | Lost mutation: Armour fits poorly on your strangely shaped
                  | body. [potion of mutation]
 58327 | Vaults:5 | Lost mutation: Your flesh is cold resistant. (rC+) [potion
                  | of mutation]
 58327 | Vaults:5 | Gained mutation: [You are dopey. (Int -2)] [potion of
                  | mutation]
 58463 | Vaults:5 | Noticed a golden dragon
 58472 | Vaults:5 | Killed a golden dragon
 58587 | Vaults:5 | Noticed a dread lich
 58587 | Vaults:5 | Noticed a golden dragon
 58593 | Vaults:5 | Killed a dread lich
 58597 | Vaults:5 | Killed a golden dragon
 58626 | Vaults:5 | Noticed a dread lich
 58640 | Vaults:5 | Killed a dread lich
 58646 | Vaults:5 | Identified the +1 robe of Joy {rF+ Str+5}
 58653 | Vaults:5 | Found Xivik's Weapon Shoppe.
 58657 | Vaults:5 | Identified the +8 war axe of Irpheb {speed, rF+ rC+}
 58688 | Vaults:5 | Reached skill level 25 in Invocations
 58707 | Vaults:5 | Reached XP level 24. HP: 15/237 MP: 38/39
 58731 | Vaults:5 | Your ally Bogrim died
 58910 | Vaults:5 | Your ally Warbeogh died
 59111 | Vaults:5 | Acquired 538 gold pieces
 59250 | Vaults:5 | Identified the +4 rapier "Wizala" {drain, Contam Dex+5}
 59363 | Vaults:5 | Got a silver rune of Zot
 59467 | Vaults:5 | Identified the staff of fire "Ciun" {Fragile rF+ rN+ Int+3}
 59646 | Vaults:5 | Acquired 500 gold pieces
 59743 | Vaults:5 | Identified the +0 mace of Muthodet {flame, rN+ Will++}
 59883 | Vaults:5 | Identified the +0 leather armour of the Armoured One
                  | {Will+++ Str-3}
 60084 | Vaults:1 | Bought a potion of haste for 180 gold pieces
 60084 | Vaults:1 | Bought 2 potions of curing for 108 gold pieces
 60084 | Vaults:1 | Bought a potion of heal wounds for 90 gold pieces
 60084 | Vaults:1 | Bought a potion of curing for 54 gold pieces
 60084 | Vaults:1 | Bought a potion of mutation for 144 gold pieces
 60084 | Vaults:1 | Bought a potion of mutation for 144 gold pieces
 60088 | Vaults:1 | Lost mutation: [You are dopey. (Int -2)] [potion of
                  | mutation]
 60088 | Vaults:1 | Lost mutation: You are vulnerable to heat. (rF-) [potion of
                  | mutation]
 60088 | Vaults:1 | Lost mutation: You have large cloven feet. [potion of
                  | mutation]
 60088 | Vaults:1 | Gained mutation: Your spells are a little harder to cast,
                  | but a little more powerful. [potion of mutation]
 60088 | Vaults:1 | Gained mutation: You sometimes lose your temper in combat.
                  | [potion of mutation]
 60088 | Vaults:1 | Gained mutation: You are robust. (+10% HP) [potion of
                  | mutation]
 60089 | Vaults:1 | Lost mutation: You sometimes lose your temper in combat.
                  | [potion of mutation]
 60089 | Vaults:1 | Lost mutation: You are robust. (+10% HP) [potion of
                  | mutation]
 60089 | Vaults:1 | Gained mutation: You sometimes lose your temper in combat.
                  | [potion of mutation]
 60089 | Vaults:1 | Gained mutation: You are agile. (Dex +4, Str/Int -1)
                  | [potion of mutation]
 60089 | Vaults:1 | Gained mutation: You have a beak for a mouth. [potion of
                  | mutation]
 60422 | Elf:1    | Bought a manual of Axes for 1200 gold pieces
 60451 | Elf:2    | Bought the ring "Dazxiqys" {Fly rF+ rN+ Int+2} for 798 gold
                  | pieces
 60714 | Depths:3 | Voluntarily entered the Abyss.
 61528 | Abyss:1  | Gained Bogdar as an ally
 61652 | Depths:3 | Escaped the Abyss
 61665 | Depths:3 | Voluntarily entered the Abyss.
 61702 | Abyss:2  | Reached skill level 26 in Invocations
 61706 | Abyss:2  | Found a corrupted altar of Lugonu.
 61713 | Abyss:3  | Found a corrupted altar of Lugonu.
 61736 | Abyss:3  | Found a corrupted altar of Lugonu.
 61855 | Abyss:3  | Gained Arbolt as an ally
 61887 | Abyss:3  | Your ally Arbolt died
 61919 | Abyss:4  | Found a corrupted altar of Lugonu.
 61954 | Abyss:4  | Found a corrupted altar of Lugonu.
 61969 | Abyss:4  | Found a corrupted altar of Lugonu.
 61986 | Abyss:4  | Found a transporter.
 61987 | Abyss:4  | Found a corrupted altar of Lugonu.
 62014 | Abyss:4  | Gained Olfik as an ally
 62026 | Abyss:4  | Your ally Olfik died
 62039 | Abyss:4  | Paralysed by accursed screaming for 1 turns
 62257 | Depths:3 | Escaped the Abyss
 62450 | Depths:3 | Voluntarily entered the Abyss.
 62450 | Abyss:4  | Found a corrupted altar of Lugonu.
 62518 | Abyss:4  | Got an abyssal rune of Zot
 62598 | Depths:3 | Escaped the Abyss
 62712 | Hell     | Entered the Vestibule of Hell
 62717 | Hell     | Noticed Geryon
 62743 | Depths:3 | Gained Borgun as an ally
 63220 | Hell     | Killed Geryon
 63234 | Hell     | Found a gateway to the Iron City of Dis.
 63289 | Hell     | Found a gateway to the freezing wastes of Cocytus.
 63409 | Hell     | Found a gateway to the decaying netherworld of Tartarus.
 63588 | Hell     | Found a gateway to the ashen valley of Gehenna.
 63594 | Hell     | Reached XP level 25. HP: 248/248 MP: 40/40
 63983 | Zot:1    | Entered Level 1 of the Realm of Zot
 64658 | Zot:1    | Reached skill level 27 in Invocations
 65476 | Zot:2    | Reached skill level 15 in Dodging
 65523 | Zot:2    | Identified the +6 plate armour "Diclop" {rF++ Regen+ Str-3
                  | Dex+4}
 66715 | Zot:3    | Found the +4 dragonskin cloak
 66715 | Zot:3    | Noticed Tiamat
 66753 | Zot:3    | Killed Tiamat
 66761 | Zot:3    | Your ally Bogdar died
 67080 | Zot:3    | Noticed Grunn
 67088 | Zot:3    | Killed Grunn
 67126 | Zot:3    | Identified the +0 ring mail of Tulips {rElec rF+ Dex+3}
 67801 | Zot:4    | Noticed a Killer Klown
 67804 | Zot:4    | Identified the ring of Tomorrow {rElec Str+6}
 67815 | Zot:4    | Killed a Killer Klown
 68126 | Zot:4    | Gained Bladwarg as an ally
 68829 | Zot:5    | Entered Level 5 of the Realm of Zot
 69324 | Zot:5    | Reached XP level 26. HP: 260/260 MP: 20/40
 69700 | Zot:5    | Noticed an orb of fire
 69703 | Zot:5    | Noticed a Killer Klown
 69710 | Zot:5    | Gained mutation: You have large cloven feet. [an orb of
                  | fire]
 69712 | Zot:5    | Noticed an orb of fire
 69712 | Zot:5    | Killed an orb of fire
 69712 | Zot:5    | Noticed an orb of fire
 69718 | Zot:5    | Lost mutation: Your spells are a little harder to cast, but
                  | a little more powerful. [an orb of fire]
 69718 | Zot:5    | Gained mutation: You have an uncontrollable temper. [an orb
                  | of fire]
 70227 | Zot:5    | Your ally Bogmar died
 70228 | Zot:5    | Your ally Borgun died
 70236 | Zot:5    | Killed an orb of fire
 70378 | Zot:5    | Killed a Killer Klown
 70393 | Zot:5    | Killed an orb of fire
 70804 | Zot:5    | Noticed a dread lich
 70804 | Zot:5    | Paralysed by a dread lich for 3 turns
 70805 | Zot:5    | Noticed an orb of fire
 70806 | Zot:5    | Noticed an ancient lich
 70806 | Zot:5    | Gained mutation: Your spells are a little easier to cast,
                  | but a little less powerful. [an orb of fire]
 70817 | Zot:5    | Killed an ancient lich
 70821 | Zot:5    | Noticed a Killer Klown
 70823 | Zot:5    | Killed an orb of fire
 70828 | Zot:5    | Noticed an orb of fire
 70832 | Zot:5    | Noticed an orb of fire
 70834 | Zot:5    | Killed a dread lich
 70835 | Zot:5    | Killed a Killer Klown
 70835 | Zot:5    | Your ally Borgun died
 70835 | Zot:5    | Killed an orb of fire
 70836 | Zot:5    | Gained mutation: You occasionally lose the ability to drink
                  | potions when taking damage. [an orb of fire]
 70840 | Zot:5    | Killed an orb of fire
 70843 | Zot:5    | Noticed a dread lich
 70847 | Zot:5    | Paralysed by a dread lich for 3 turns
 70850 | Zot:5    | Killed a dread lich
 71657 | Depths:3 | Voluntarily entered the Abyss.
 71684 | Abyss:4  | Gained mutation: You are occasionally teleported next to
                  | monsters. [a neqoxec]
 71733 | Abyss:4  | Found a corrupted altar of Lugonu.
 71790 | Abyss:4  | Found a corrupted altar of Lugonu.
 71950 | Abyss:4  | Gained Grimold as an ally
 71966 | Abyss:4  | Your ally Grimold died
 71969 | Abyss:4  | Gained Orkrul as an ally
 72041 | Depths:3 | Escaped the Abyss
 72196 | Depths:3 | Voluntarily entered the Abyss.
 72243 | Abyss:4  | Found an ornate altar of the Wu Jian Council.
 72497 | Abyss:4  | Gained Herok as an ally
 72514 | Abyss:4  | Gained mutation: Potions are less effective at restoring
                  | your health. [a shining eye]
 72523 | Abyss:4  | Your ally Herok died
 72546 | Abyss:4  | Reached XP level 27. HP: 209/271 MP: 40/40
 72559 | Depths:3 | Escaped the Abyss
 72781 | Dis:1    | Entered Level 1 of the Iron City of Dis
 73321 | Dis:3    | Killed from afar by a war gargoyle

Illustrated notes

Levels and vault maps discovered:
D:1:      erik_arrival_cave_to_civilisation [erik_arrival_cave_to_hall],
          layout_basic
D:2:      layout_basic, uniq_natasha
D:3:      layout_basic, lemuel_round_altar
D:4:      minmay_octagon_keep, layout_loops_corners, uniq_sigmund
D:5:      minmay_razor_zed, layout_basic, minmay_misc_feat_x
D:6:      layout_gridville, grunt_ashenzari_visionary
          [grunt_ashenzari_visionary_shoals, grunt_ashenzari_visionary_snake],
          ebering_ghost_sewer_f, serial_shops, nicolae_shop_hallway_stairs,
          chequers_serial_rivers_room_a
D:7:      layout_basic, minmay_temple_entry_statues, uniq_maggie
D:8:      layout_gridville, lemuel_round_altar, mainiacjoe_overflow_catwalk,
          grunt_temple_overflow_open, erik_lair_island, serial_shops, shop,
          nicolae_lakefront_shop, uniq_prince_ribbit1
D:9:      layout_loops_cross, enter_bailey_4, corexii_corridor_pit,
          chequers_decorated_corner
D:10:     layout_basic, xom_teletrap_fun, fountainhead, serial_park_tiny_pond,
          minmay_diamond_spiral
D:11:     layout_irregular_city, gammafunk_ghost_split, nicolae_danse_macabre
D:12:     layout_basic, minmay_orc_entry_guard_dogs, serial_co_window_serial,
          co_window_corner_a, co_window_corner_a, co_window_corner_a,
          co_window_corner_a, co_window_paths_b, co_window_of_opportunity_a,
          co_window_corner_a, co_window_of_opportunity_b,
          co_window_of_opportunity_c, co_window_broadway_b,
          co_window_unsneaky_path_a, co_window_unsneaky_path_b,
          co_window_4corner_b, hangedman_decor_opposing, uniq_nergalle
D:13:     layout_loops_corners, erik_vaults_1
D:14:     layout_roguey [special_room_orc], grunt_gozag_statues, serial_glass,
          glass_columns_c, glass_columns_c, hangedman_feature_mirror,
          item_on_display_a
D:15:     grunt_enter_depths_hoard, layout_rooms, lemuel_doored_altar,
          vehumet_crystals
Lair:1:   lemuel_reptile_caves, layout_regular_city,
          grunt_forest_large_clearings, infiniplex_staircase_pool
Lair:2:   layout_loops_ring, nicolae_shoals_entry_roost
Lair:3:   layout_cave_pods, minmay_snake_entry_guardpost_small,
          eino_house_with_fridge, grunt_megastairs_3
Lair:4:   layout_regular_city, slime_entry_1, tgw_fedhas, lemuel_fruit_fields
Lair:5:   hangedman_lair_tendril_chambers, layout_regular_city,
          guppyfry_lair_end_dragon, infiniplex_staircase_pool_2,
          lemuel_fruit_tree, uniq_nessos
Shoals:1: layout_shoals, uniq_mlioglotl, uniq_josephine
Shoals:2: layout_shoals, kb_tengu_band
Shoals:3: layout_shoals, serial_shops, nicolae_shop_dealshenge,
          nicolae_shop_self_help
Shoals:4: shoals_end_grunt_ice, layout_shoals
Snake:1:  layout_grid_maze, ebering_ghost_inner_flame, serial_shops,
          nicolae_shop_rolling_square, shop, shop,
          nicolae_snake_gridmaze_spiral, minmay_shop_grove
Snake:2:  layout_cave_town, minmay_shop_star, uniq_roxanne, uniq_aizul
Snake:3:  layout_honeycomb, hangedman_snake_corridor_cut, serial_bayou_shore_b,
          serial_bayou_shore_b, grunt_megastairs_2, uniq_asterion, uniq_vashnia
Snake:4:  johnstein_snake_rune_scales, layout_basic, nicolae_snake_bzzzt
Slime:1:  layout_caves
Slime:2:  layout_caves
Slime:3:  layout_caves
Slime:4:  layout_caves
Slime:5:  uniq_dissolution
Orc:1:    layout_caves, serial_shops, shop_fountains, basic_altar,
          hangedman_minor_magic, uniq_erica
Orc:2:    st_orc_congregation, layout_diamond_mine,
          ebering_ghost_reflecting_pool, nicolae_orc_pool_cavern,
          nicolae_orc_lava_tube, nicolae_orc_tapped_out, uniq_sonja
Elf:1:    eino_elf_arrival_shootout, layout_gridlike, basic_altar,
          infiniplex_enter_wizlab_spiral, minmay_elf_crystal_hexagon,
          serial_sigils_hangedman_gnaw, einodemon_barbed_minivault,
          minmay_shoptagon
Elf:2:    elven_hall_of_blades_hangedman_original
          [nicolae_blade_entry_antechamber], layout_loops_cross, basic_altar,
          serial_shops, nicolae_stop_n_shop_1, uniq_agnes, uniq_jorgrun
Elf:3:    minmay_elf_hall_furrowed, layout_geoelf_grid
Vaults:1: st_eye, vaults_mumra_chevron_long, nicolae_vaults_closet_pinwheel_1,
          v_misc_2, nicolae_vaults_circle_grid_b, nicolae_vaults_swerve,
          nicolae_vaults_heart-shaped_vault, nicolae_vaults_more_shelving_1,
          layout_vaults_omnigrid, serial_shops, nicolae_shop_peninsula
Vaults:2: nicolae_vaults_heart-shaped_vault, v_rooms_4, grunt_vaults_twisty,
          hangedman_vaults_slither, nicolae_vaults_offset_grid_hallway_4,
          vaults_dpeg_emergency_exit, vaults_dpeg_hooks,
          nicolae_vaults_trapezoid_lopsided_3, serial_ice_b,
          vaults_room_door_ring, layout_vaults_chaotic_city
Vaults:3: minmay_crypt_entry_necro_gods, nicolae_vaults_closet_pinwheel_4,
          nicolae_vaults_little_squares_3, v_pattern_2, vaults_mumra_hex,
          nicolae_vaults_mitosis, nicolae_vaults_network_s,
          nicolae_vaults_ninety_degrees, nicolae_vaults_tetromino_L_1,
          v_misc_23, nicolae_vaults_diamond_1, vaults_dpeg_ring,
          nicolae_vaults_hexular_roomagon, ontoclasm_vaults_shuriken,
          nicolae_vaults_circle_grid_b, vaults_room_semicircle,
          nicolae_vaults_double_plus_3, nicolae_vaults_tetromino_Z_1,
          layout_vaults_maze_bifur, enter_trove_0
Vaults:4: ontoclasm_vaults_loading_screen, nicolae_vaults_variable_pillar_hall,
          nicolae_vaults_tetromino_T_1, v_misc_15,
          nicolae_vaults_trapezoid_lopsided_1,
          nicolae_vaults_windows_and_doors_thing, v_rooms_1, v_pattern_1,
          vaults_mumra_minichess_inversion, vaults_mumra_chevron,
          nicolae_vaults_ring_of_whatevers, dpeg_vaults_monster_box,
          nicolae_vaults_double_plus_1, ontoclasm_vaults_ligature, v_misc_27,
          layout_vaults_omnicross, uniq_donald
Vaults:5
Crypt:1:  layout_catacombs, grunt_crypt_arrival_split,
          roderic_lattice_octagonal_star
Crypt:2:  layout_gridlike, amcnicky_mini_rare_corridor_liquid, uniq_bai_suzhen
Crypt:3:  david_glass_crypt, layout_rooms, tomb_entry_forgotten_bobbens,
          ebering_ghost_disaster_area
Depths:1: layout_gridlike, lemuel_statue_altar, pf_hell_entry_tar_spiral,
          nicolae_rock_paper_scissors, hangedman_decor_cross_pass
Depths:2: gammafunk_its_a_trap, layout_cave_pools, hell_entry,
          rand_demon_pan_entry_1, serial_rivers, chequers_serial_rivers_small_3,
          chequers_serial_rivers_large_a, chequers_serial_rivers_room_b,
          chequers_serial_rivers_small_b, chequers_serial_rivers_large_b,
          infiniplex_staircase_x
Depths:3: minmay_the_grid_octo_tiled_squarecenter
          [minmay_the_grid_octo_pinwheel, minmay_the_grid_octo_clover,
          minmay_the_grid_octo_77, minmay_the_grid_octo_horde,
          minmay_the_grid_square_5x5_megaprize_checkered,
          minmay_the_grid_square_5x5_checkered_statues,
          minmay_the_grid_square_5x5_fancy_junction,
          minmay_the_grid_square_5x5_fat_x,
          minmay_the_grid_square_5x5_sharp_hourglass], layout_cave_pools,
          enter_ziggurat_e, rand_demon_pan_entry_7, grunt_metal_band,
          serial_column_ruins, column_ruins_square_small,
          column_ruins_open_medium, column_ruins_corridor_dead_end,
          column_ruins_corridor_straight, column_ruins_open_tiny,
          column_ruins_corridor_straight, column_ruins_columns_corner,
          kiku_gazebo_pond_becter, abyss_entry, minmay_three_doors,
          firewood_loft
Depths:4: evilmike_zot_entry_gauntlet, layout_basic, pf_coc_iceberg,
          okawaru_trees_1, uniq_enchantress
Hell
Dis:1:    layout_subdivisions
Dis:2:    layout_gridville
Dis:3:    layout_regular_city
Zot:1:    layout_misc_corridors
Zot:2:    layout_gridlike, hangedman_zot_decor_slant
Zot:3:    layout_gridlike, uniq_tiamat, uniq_grunn
Zot:4:    layout_basic, lemuel_baited_zot_trap
Zot:5:    layout_basic

Skill      XL: |  1  2  3  4  5  6  7  8  9 10 11 12 13 14 15 16 17 18 19 20 21 22 23 24 25 26 27 |
---------------+----------------------------------------------------------------------------------+-----
Axes           | 3 4 6 7 9 11 14 16 18 | 18.0
Fighting       | 4 5 6 8 10 11 13 14 15 16 17 18 19 20 21 22 23 24 25 26 | 26.8
Shields        | 4 5 8 10 12 15 17 19 20 | 20.7
Invocations    | 4 7 10 12 13 14 15 17 18 19 20 23 25 26 27 | 27.0
Throwing       | 2 5 7 9 11 12 14 15 16 17 19 | 19.6
Armour         | 5 7 9 11 12 13 14 16 18 19 20 21 22 | 22.0
Dodging        | 2 4 5 8 11 13 14 15 | 15.0

Action                     |  1- 3 |  4- 6 |  7- 9 | 10-12 | 13-15 | 16-18 | 19-21 | 22-24 | 25-27 || total
---------------------------+-------+-------+-------+-------+-------+-------+-------+-------+-------++-------
  Melee: War axe           |    35 |       |       |       |       |       |       |       |       ||    35
         Hand axe          |    45 |   106 |    84 |       |       |       |       |       |       ||   235
         Broad axe         |       |       |   142 |   426 |   479 |   594 |   733 |  1204 |   765 ||  4343
         Peck              |       |       |       |       |       |       |       |   137 |   214 ||   351
  Throw: Dart              |       |     2 |    11 |    16 |       |       |     2 |       |       ||    31
         Javelin           |       |       |       |     2 |     1 |       |     5 |     4 |     9 ||    21
         Boomerang         |       |       |       |     1 |     3 |    17 |    11 |    52 |    16 ||   100
         Throwing net      |       |       |       |       |       |     5 |       |       |     3 ||     8
 Invoke: Convert to Beogh  |       |       |     1 |       |       |       |       |       |       ||     1
         Recall Orcish Fol |       |       |       |    25 |    67 |   198 |   144 |    94 |    80 ||   608
         Give Item to Name |       |       |       |     2 |     1 |     8 |     2 |     2 |     2 ||    17
         Stop Recall       |       |       |       |       |     1 |    15 |       |     2 |     4 ||    22
         Resurrection      |       |       |       |       |     1 |     3 |     2 |     2 |     2 ||    10
         Smiting           |       |       |       |       |       |    12 |     8 |     5 |     4 ||    29
  Evoke: Wand              |       |       |       |     9 |     2 |     6 |     3 |     3 |     1 ||    24
         Phial of floods   |       |       |       |       |       |     1 |     1 |       |       ||     2
         Phantom mirror    |       |       |       |       |       |       |       |       |     1 ||     1
    Use: Potion            |       |     1 |       |     7 |     3 |     4 |     9 |    13 |    13 ||    50
         Scroll            |       |       |     3 |     8 |    26 |     8 |     6 |     9 |     4 ||    64
   Stab: Invisible         |       |       |       |     3 |       |       |       |       |       ||     3
         Confused          |       |       |       |     2 |     1 |       |       |       |       ||     3
         Distracted        |       |       |       |     1 |     3 |     9 |    11 |    11 |     9 ||    44
         Paralysed         |       |       |       |       |     3 |     1 |       |       |       ||     4
         Held in net/web   |       |       |       |       |       |     2 |       |       |     1 ||     3
         Petrifying        |       |       |       |       |       |       |       |       |     1 ||     1
 Armour: Scale mail        |    46 |    43 |    99 |    77 |       |       |       |       |       ||   265
         Gold dragon scale |       |       |       |   184 |   374 |   500 |   619 |   583 |   527 ||  2787
  Dodge: Dodged            |    48 |    44 |    79 |    97 |   123 |   178 |   245 |   339 |   381 ||  1534
  Block: Buckler           |    12 |    28 |    53 |   115 |   104 |    43 |       |       |       ||   355
         Kite shield       |       |       |       |       |       |   371 |   443 |       |       ||   814
         Tower shield      |       |       |       |       |       |       |    53 |   975 |   892 ||  1920
